 Dungeon Crawl Stone Soup version 0.18.1-48-g4cf74bf (webtiles) character file.

115 kobby the Skirmisher (level 5, 0/46 HPs)
             Began as a Human Abyssal Knight on July 5, 2016.
             Was a Follower of Lugonu.
             Slain by an orc wizard
             ... wielding a +1 dagger of speed
              (2 damage)
             ... on level 3 of the Dungeon.
             The game lasted 00:05:08 (1026 turns).

kobby the Skirmisher (Human Abyssal Knight)         Turns: 1026, Time: 00:05:09

Health: 0/46       AC: 10    Str: 12    XL:     5   Next: 20%
Magic:  6/6        EV: 11    Int: 12    God:    Lugonu [*.....]
Gold:   69         SH:  0    Dex: 16    Spells: 0 memorised, 4 levels left

rFire  . . .     SeeInvis .     a - +1 falchion
rCold  . . .     Gourm    .     f - +4 ring mail
rNeg   . . .     Faith    .     (no shield)
rPois  .         Spirit   .     h - +0 helmet
rElec  .         Dismiss  .     (no cloak)
rCorr  .         Reflect  .     (no gloves)
SustAt .         Harm     .     (no boots)
MR     .....                    (no amulet)
Stlth  +.........               (no ring)
                                (no ring)

@: not resistant to hostile enchantments, very unstealthy
A: talons 1, agile 1, robust 1
a: Depart the Abyss, Renounce Religion


You were on level 3 of the Dungeon.
You worshipped Lugonu.
Lugonu was aware of your devotion.
You were not hungry.

You visited 1 branch of the dungeon, and saw 3 of its levels.
You visited the Abyss 1 time.

You collected 69 gold pieces.

Inventory:

Hand Weapons
 a - a +1 falchion (weapon)
Armour
 b - a +0 leather armour
 d - a +0 ring mail
 f - a +4 ring mail (worn)
 h - a +0 helmet (worn)
Jewellery
 i - a cursed ring of teleportation
 k - an uncursed ring of poison resistance {unknown}
Scrolls
 e - a scroll of noise
 g - a scroll of remove curse
Comestibles
 c - a bread ration


   Skills:
 + Level 4.0 Fighting
 * Level 3.1 Long Blades
 + Level 2.9 Armour
 + Level 1.5 Dodging
 + Level 2.1 Invocations


You had 4 spell levels left.
You didn't know any spells.

Dungeon Overview and Level Annotations

Branches:
Dungeon (3/15)

Altars:

Annotations:
D:2 Natasha


Innate Abilities, Weirdness & Mutations

You have sharp toenails.
You are agile. (Dex +2)
You are robust (+10% HP).


Message History

Your ring mail prevents you from hitting the orc wizard.
The orc wizard casts a spell at you. The magic dart hits you!
The orc barely misses you.
The orc wizard hits you but does no damage.
The orc wizard gestures at you while chanting.
The puff of flame hits you! The orc hits you but does no damage.
You hit the orc wizard.
The orc wizard is lightly wounded.
The orc wizard hits you but does no damage. x2
The orc wizard barely misses you. The orc hits you with a whip.
* * * LOW HITPOINT WARNING * * *
The orc wizard gestures at you while chanting.
The magic dart hits you!
* * * LOW HITPOINT WARNING * * *
Drink which item? (? for menu, Esc to quit)
It was a potion of mutation.
You feel extremely strange.
You feel agile.
Your toenails lengthen and sharpen.
You feel robust.
The orc wizard hits you but does no damage.
The orc wizard hits you with a dagger of speed.
You die...

.......####.....#.
... ....#........
.... ............
..... #..........
.....###.........#
...........).....#
........#.........
.(.#<.oo......# .
###.@o......
#.........
#.........
#.........
..........
.......#.#.
..##...#... ...
##.. ..


You could see 2 orc wizards and an orc.

Vanquished Creatures
  An orc priest (D:3)
  Natasha (twice) (D:2)
  An ooze (D:1)
  A dart slug (D:1)
  An orc (D:3)
  4 bats
  A giant cockroach (D:1)
  3 goblins
  6 hobgoblins
  2 kobolds
  A quokka (D:2)
  A giant newt (D:1)
  6 rats
30 creatures vanquished.

Notes
Turn   | Place    | Note
--------------------------------------------------------------
     0 | Abyss:1  | kobby the Human Abyssal Knight began the quest for the Orb.
     0 | Abyss:1  | Reached XP level 1. HP: 18/18 MP: 2/2
    37 | Abyss:1  | Noticed an iron imp
    37 | D:1      | Escaped the Abyss
   105 | D:1      | Reached XP level 2. HP: 24/24 MP: 3/3
   191 | D:1      | Reached * piety under Lugonu
   324 | D:1      | Reached XP level 3. HP: 29/29 MP: 4/4
   772 | D:2      | Noticed Natasha
   786 | D:2      | Killed Natasha
   786 | D:2      | Reached XP level 4. HP: 18/37 MP: 5/5
   978 | D:2      | Noticed Natasha
   985 | D:2      | Killed Natasha
   985 | D:2      | Reached skill level 4 in Fighting
   995 | D:2      | Noticed Natasha
  1017 | D:3      | Reached XP level 5. HP: 33/42 MP: 6/6
  1025 | D:3      | HP: 2/42 [orc wizard/magic dart (7)]
  1026 | D:3      | Gained mutation: You are agile. (Dex +2) [potion of mutation]
  1026 | D:3      | Gained mutation: You have sharp toenails. [potion of mutation]
  1026 | D:3      | Gained mutation: You are robust (+10% HP). [potion of mutation]
  1026 | D:3      | Slain by an orc wizard

Skill      XL: |  1  2  3  4 |
---------------+-------------+-----
Fighting       | 4 |  4.0
Long Blades    | 3 |  3.1
Armour         | |  2.9
Dodging        | |  1.5
Invocations    | |  2.1

Action                   |  1- 3 |  4- 6 || total
-------------------------+-------+-------++-------
Melee: Falchion          |    65 |    28 ||    93
Invok: Depart the Abyss  |     1 |       ||     1
  Use: Scroll            |     4 |       ||     4
       Potion            |     3 |     1 ||     4
  Eat: Bread ration      |     1 |       ||     1
Armor: Ring mail         |    41 |    25 ||    66
Dodge: Dodged            |    43 |    20 ||    63
